 Dungeon Crawl Stone Soup version 0.21-a0-368-g45f8505 (webtiles) character file.

5792 EnegeticOcto the Carver (level 10, -7/91 HPs)
             Began as a Purple Draconian Berserker on Oct 15, 2017.
             Was a High Priest of Trog.
             Mangled by an unseen horror (12 damage)
             ... on level 10 of the Dungeon.
             The game lasted 00:27:21 (10229 turns).

EnegeticOcto the Carver (DrBe)                     Turns: 10229, Time: 00:27:22

Health: -7/91      AC:  7    Str: 26    XL:     10   Next: 50%
Magic:  10/10      EV: 16    Int:  8    God:    Trog [*****.]
Gold:   473        SH:  0    Dex: 13    Spells: 9/9 levels left

rFire    + . .     SeeInvis .   B - +7 great sword "Vatefam" {slice, *Noise rN++ Str+6}
rCold    . . .     Gourm    +   (shield currently unavailable)
rNeg     + + .     Faith    .   (armour unavailable)
rPois    +         Spirit   .   (helmet restricted)
rElec    .         Reflect  .   (no cloak)
rCorr    .         Harm     .   (no gloves)
MR       +++..                  (no boots)
Stlth    +.........             t - amulet of the gourmand
HPRegen  1.25/turn              i - ring of poison resistance
MPRegen  0.12/turn              y - ring of protection from fire

@: regenerating
A: breathe power, unfitting armour, cold-blooded, AC +7
a: Breathe Dispelling Energy, Berserk, Trog's Hand, Brothers in Arms, Burn
Spellbooks, Renounce Religion


You were on level 10 of the Dungeon.
You worshipped Trog.
Trog was extremely pleased with you.
You were full.

You visited 1 branch of the dungeon, and saw 10 of its levels.
You also visited: Ossuary.

You collected 473 gold pieces.

Inventory:

Hand Weapons
 z - a +2 demon blade of freezing
 B - the +7 great sword "Vatefam" (weapon) {slice, *Noise rN++ Str+6}
   (Trog gifted it to you on level 10 of the Dungeon)

   It inflicts extra damage upon your enemies.
   It affects your strength (+6).
   It greatly protects you from negative energy.
   It may make noises in combat.
Jewellery
 i - a ring of poison resistance (left hand)
 l - an uncursed ring of resist corrosion
 t - an amulet of the gourmand (around neck)
 y - a ring of protection from fire (right hand)
Wands
 u - a wand of acid (7/15)
Scrolls
 a - 2 scrolls of identify
 g - 5 scrolls of remove curse
 m - a scroll of acquirement {unknown}
 n - 2 scrolls of recharging
 q - 4 scrolls of teleportation
 w - a scroll of fog {unknown}
 A - a scroll of blinking {unknown}
Potions
 c - a potion of heal wounds {unknown}
 d - a potion of brilliance {unknown}
 e - 4 potions of haste
 f - a potion of cancellation {unknown}
 h - 2 potions of resistance {unknown}
 k - 2 potions of might
 o - a potion of mutation {unknown}
 p - a potion of curing {unknown}
 r - 2 potions of lignification
 x - 3 potions of ambrosia
Comestibles
 b - 7 bread rations
 j - 4 royal jellies
 s - 2 fruits
 v - 3 meat rations


   Skills:
 + Level 9.3 Fighting
 * Level 11.4 Long Blades
 + Level 7.8 Dodging


You had 9 spell levels left.
You didn't know any spells.

Dungeon Overview and Level Annotations

Branches:
Dungeon (10/15)            Temple (0/1) D:6             Orc (0/2) D:10
   Lair: D:8-11

Altars:
Cheibriados
Elyvilon
Gozag
Hepliaklqana
Kikubaaqudgha
Makhleb
Nemelex Xobeh
Okawaru
Qazlal
Ru
Trog
Uskayaw
Xom
Zin

Shops:
D:6 :


Innate Abilities, Weirdness & Mutations

You can breathe bolts of dispelling energy.
Your rich purple scales are hard. (AC +7)
You cannot fit into any form of body armour.
You are cold-blooded and may be slowed by cold attacks.


Message History

* * * LOW HITPOINT WARNING * * *
Something hits you.
* * * LOW HITPOINT WARNING * * *
You hit something. You tail-slap something. Something hits you!
* * * LOW HITPOINT WARNING * * *
Something hits you.
* * * LOW HITPOINT WARNING * * *
Something hits you.
* * * LOW HITPOINT WARNING * * *
Something hits you!
* * * LOW HITPOINT WARNING * * *
Your skin crawls.
You feel resistant to hostile enchantments.
You feel somewhat less full. Something hits you.
* * * LOW HITPOINT WARNING * * *
Something hits you.
* * * LOW HITPOINT WARNING * * *
You barely miss something. You tail-slap something.
Something hits you but does no damage. Something hits you!
You die...

####...<.#.#
#.#####.# #.
####.# #.
#....#
#.#### #.##
#..#
##.######
#..@{..#
######.....
##.


There were no monsters in sight!

Vanquished Creatures
  2 two-headed ogres
  A hippogriff (D:9)
  2 steam dragons (D:9)
  3 ice beasts
  5 orc warriors
  A black bear (D:8)
  4 ogres
  5 centaurs
  A big kobold (D:7)
  2 elf zombies (Ossuary)
  A bullfrog (D:9)
  3 scorpions
  8 killer bees
  An electric eel (D:10)
  A howler monkey (D:7)
  4 crimson imps
  4 centaur zombies (Ossuary)
  A bullfrog zombie (D:5)
  A human zombie (Ossuary)
  3 jellies
  2 bullfrog skeletons
  4 hounds
  7 orc priests
  11 orc wizards
  3 iguanas
  4 worker ants
  2 mummies (Ossuary)
  A howler monkey zombie (D:8)
  3 gnolls (D:5)
  8 adders
  2 shadow imps
  An ooze (D:3)
  An adder zombie (D:9)
  3 dart slugs
  5 leopard geckos
  55 orcs
  3 bats
  3 giant cockroaches
  6 hobgoblins
  6 jackals
  12 kobolds
  3 quokkas
  4 ball pythons
  2 frilled lizards (D:4)
  6 goblins
  A goblin zombie (Ossuary)
  7 hobgoblin zombies (Ossuary)
  A jackal zombie (Ossuary)
  9 kobold zombies (Ossuary)
  A leopard gecko zombie (D:7)
  11 orc zombies (Ossuary)
  4 rats
  A rat zombie (Ossuary)
245 creatures vanquished.

Vanquished Creatures (others)
  An orc wizard (D:10)
  2 orcs (D:10)
3 creatures vanquished.

Grand Total: 248 creatures vanquished

Notes
Turn   | Place    | Note
-------+----------+-------------------------------------------
     0 | D:1      | EnegeticOcto the Draconian Berserker began the quest for the Orb.
     0 | D:1      | Reached XP level 1. HP: 19/19 MP: 1/1
    82 | D:1      | Reached XP level 2. HP: 15/26 MP: 2/2
   919 | D:2      | Found a white marble altar of Elyvilon.
   982 | D:2      | Found a shimmering altar of Xom.
  1072 | D:2      | Reached XP level 3. HP: 33/33 MP: 3/3
  1763 | D:3      | Reached ** piety under Trog
  2096 | D:3      | Reached skill level 4 in Long Blades
  2342 | D:3      | Found a stormy altar of Qazlal.
  2415 | D:4      | Got a pitted scythe
  2437 | D:4      | Found a glowing silver altar of Zin.
  2438 | D:4      | Found an opulent altar of Gozag.
  2484 | D:4      | Reached XP level 4. HP: 17/40 MP: 4/4
  2918 | D:4      | Reached XP level 5. HP: 26/46 MP: 5/5
  3185 | D:4      | Reached skill level 5 in Long Blades
  3543 | D:4      | Reached XP level 6. HP: 49/53 MP: 6/6
  4127 | D:5      | Entered Level 5 of the Dungeon
  4172 | D:5      | Reached skill level 5 in Fighting
  4208 | D:5      | Noticed a two-headed ogre
  4221 | D:5      | Killed a two-headed ogre
  4221 | D:5      | Reached skill level 7 in Long Blades
  4221 | D:5      | Reached skill level 5 in Dodging
  4221 | D:5      | Your scales start taking on a rich purple colour.
  4221 | D:5      | Reached XP level 7. HP: 63/63 MP: 7/7
  4221 | D:5      | Reached XP level 8. HP: 70/70 MP: 8/8
  4294 | D:5      | Reached *** piety under Trog
  4418 | D:5      | Reached skill level 8 in Long Blades
  5442 | D:6      | Found a sparkling altar of Nemelex Xobeh.
  5450 | D:6      | Found a staircase to the Ecumenical Temple.
  5937 | D:6      | Found Lirghal's Book Shop.
  6038 | D:6      | Found a hazy altar of Hepliaklqana.
  6229 | D:7      | Reached XP level 9. HP: 24/79 MP: 9/9
  6230 | D:7      | Found an ancient bone altar of Kikubaaqudgha.
  6237 | D:7      | Reached skill level 9 in Long Blades
  6484 | D:7      | Found a bloodstained altar of Trog.
  6504 | D:7      | Found a sacrificial altar of Ru.
  6540 | D:7      | Found an iron altar of Okawaru.
  7061 | D:8      | Found a burning altar of Makhleb.
  7075 | D:7      | Reached **** piety under Trog
  7460 | D:8      | Found a sand-covered staircase.
  7469 | Ossuary  | Entered an ossuary
  7625 | Ossuary  | Reached ***** piety under Trog
  7634 | Ossuary  | Reached skill level 10 in Long Blades
  8005 | D:8      | Got a scorched rapier
  8006 | D:8      | Identified the +4 rapier "Killer Bee's Curse" {pierce, Int+2} (You found it on level 8 of the Dungeon)
  8160 | D:8      | Found a snail-covered altar of Cheibriados.
  8271 | D:9      | Noticed a hand axe
  8276 | D:9      | Found a hide-covered altar of Uskayaw.
  8278 | D:9      | Noticed a hand axe
  8451 | D:9      | Reached XP level 10. HP: 90/90 MP: 10/10
  8510 | D:9      | Noticed a two-headed ogre
  8543 | D:9      | Killed a two-headed ogre
  8543 | D:9      | Reached skill level 11 in Long Blades
  9151 | D:10     | Entered Level 10 of the Dungeon
  9716 | D:10     | Received a gift from Trog
  9738 | D:10     | Found a staircase to the Orcish Mines.
 10162 | D:10     | Got a pitted great sword {god gift}
 10163 | D:10     | Identified the +7 great sword "Vatefam" {slice, *Noise rN++ Str+6} (Trog gifted it to you on level 10 of the Dungeon)
 10228 | D:10     | HP: 4/91 [something (2)]
 10229 | D:10     | Mangled by an unseen horror

Vault maps used:
D:1:      wheals_arrival_shading, minmay_tetromino_i4
D:2:      elyvilon_altar_5, nicolae_overflow_crystal_walls, first_bread
D:3:      nicolae_qazlal_eye_of_the_storm
D:4:      grunt_temple_overflow_gold_and_silver, saegor_snake_ambush
D:6:      nemelex_xobeh_ov_fountains_minmay, overflow_temple_1_default,
          minmay_temple_entry_junction, serial_shops, kennysheep_little_box
D:7:      lemuel_round_altar, kennysheep_mini_moat, basic_altar,
          minmay_splitting_lines, nicolae_ru_sacrificial_ziggurat
D:8:      lemuel_coloured_pillars_altar, bloody_makhleb, enter_ossuary_1
D:9:      dancing_weapons_uskayaw
D:10:     dragon1_lemuel, erik_orc_2
Ossuary:  ossuary_tomb_1

Skill      XL: |  1  2  3  4  5  6  7  8  9 10 |
---------------+-------------------------------+-----
Dodging        | 3 5 6 7 |  7.8
Long Blades    | 4 5 7 8 10 11 | 11.4
Fighting       | 4 6 7 8 9 |  9.3

Action                   |  1- 3 |  4- 6 |  7- 9 | 10-12 || total
-------------------------+-------+-------+-------+-------++-------
Melee: Falchion          |   105 |   137 |   428 |       ||   670
       Tailslap          |    15 |    23 |   102 |    21 ||   161
       Scimitar          |       |       |    33 |    43 ||    76
       Demon blade       |       |       |       |    82 ||    82
       Great sword       |       |       |       |     9 ||     9
Invok: Berserk           |     1 |     3 |     2 |     1 ||     7
       Trog's Hand       |       |     1 |     1 |     2 ||     4
       Burn Spellbooks   |       |       |     2 |     1 ||     3
 Abil: Breathe Dispellin |       |       |     4 |     7 ||    11
  Use: Scroll            |     1 |     5 |     6 |     2 ||    14
 Stab: Sleeping          |       |       |     1 |       ||     1
  Eat: Chunk             |     4 |     4 |    30 |     5 ||    43
       Meat ration       |       |     1 |       |       ||     1
Armor: Skin              |    27 |    36 |    92 |    25 ||   180
Dodge: Dodged            |    63 |    93 |   329 |    72 ||   557
       Rpst.: Falchion   |    18 |    30 |    84 |       ||   132
       Scimitar          |       |       |     7 |     6 ||    13
       Demon blade       |       |       |       |    11 ||    11
       Great sword       |       |       |       |     1 ||     1

Table legend:
 A = Spawn XP
 B = Non-spawn XP
 C = Spawn XP percentage of total XP
 D = Spawn monster count
 E = Non-spawn monster count
 F = Spawn count percentage of total count
 G = Total turns spent on level
                    A         B        C        D         E        F      G
               +---------+---------+-------+---------+---------+-------+---------
         Total |       0 |    8275 |   0.0 |       0 |     246 |   0.0 | 10229
               +---------+---------+-------+---------+---------+-------+---------
           D:1 |       0 |      35 |   0.0 |       0 |      18 |   0.0 |   892
           D:2 |       0 |      23 |   0.0 |       0 |       8 |   0.0 |   814
           D:3 |       0 |      50 |   0.0 |       0 |      17 |   0.0 |  1361
           D:4 |       0 |     388 |   0.0 |       0 |      36 |   0.0 |  1194
           D:5 |       0 |    1930 |   0.0 |       0 |      29 |   0.0 |   889
           D:6 |       0 |     175 |   0.0 |       0 |       5 |   0.0 |   978
           D:7 |       0 |     810 |   0.0 |       0 |      16 |   0.0 |   880
           D:8 |       0 |    1062 |   0.0 |       0 |      27 |   0.0 |   758
           D:9 |       0 |    2270 |   0.0 |       0 |      25 |   0.0 |  1077
          D:10 |       0 |    1036 |   0.0 |       0 |      26 |   0.0 |   955
       Ossuary |       0 |     496 |   0.0 |       0 |      39 |   0.0 |   431
               +---------+---------+-------+---------+---------+-------+---------
